 Dungeon Crawl Stone Soup version 0.27-a0-1502-g47ed6a6988 (webtiles) character file.

Game seed: 8491360236681275737

21 dolemite99 the Chopper (level 2, 27/27 HPs)
             Began as a Minotaur Monk on July 8, 2021.
             Was a Plaything of Xom.
             Quit the game on level 1 of the Dungeon.
             The game lasted 00:00:35 (500 turns).

dolemite99 the Chopper (Minotaur Monk)               Turns: 500, Time: 00:00:36

Health: 27/27      AC:  2    Str: 15    XL:     2   Next: 62%
Magic:  1/1        EV: 13    Int:  7    God:    Xom [..*...]
Gold:   17         SH:  0    Dex: 12    Spells: 1/1 levels left

rFire    . . .     SeeInvis .   a - +0 hand axe
rCold    . . .     Faith    .   (no shield)
rNeg     . . .     Spirit   .   b - +0 robe
rPois    .         Reflect  .   (helmet restricted)
rElec    .         Harm     .   (no cloak)
rCorr    .         Rampage  .   (no gloves)
Will     .....                  (no boots)
Stlth    ++........             (no amulet)
HPRegen  0.09/turn              (no ring)
MPRegen  0.07/turn              (no ring)

@: no status effects
A: horns 2, retaliatory headbutt
a: Renounce Religion


You were on level 1 of the Dungeon.
You worshipped Xom.
You were a toy of Xom.
You visited 1 branch of the dungeon, and saw 1 of its levels.

You collected 17 gold pieces.

Inventory:

Hand Weapons
 a - a +0 hand axe (weapon)
Missiles
 c - 25 stones (quivered)
Armour
 b - a +0 robe (worn)
Magical Staves
 d - a staff of cold
Scrolls
 e - a scroll of brand weapon {unknown}
 f - a scroll of holy word {unknown}


   Skills:
 + Level 4.0 Fighting
 + Level 4.0 Axes
 + Level 3.5 Dodging
 + Level 2.0 Stealth


You had one spell level left.
You didn't know any spells.
Your spell library was empty.

Dungeon Overview and Level Annotations

Branches:
Dungeon (1/15)

Altars:
Xom


Innate Abilities, Weirdness & Mutations

You have a pair of horns on your head.
You reflexively headbutt those who attack you in melee.


Message History

c - 27 stones (gained 1)
Found a dagger.
No target in view!
e - a scroll labelled ALOBBU SABLOO No target in view!
f - a scroll labelled WUNIAF XASIAM No target in view!
A goblin comes into view. It is wielding a +0 club.
The goblin shouts!
You throw a stone. The stone closely misses the goblin.
You throw a stone. The stone hits the goblin.
The goblin is severely wounded.
You throw a stone. The stone hits the goblin.
You kill the goblin!
No target in view!
No target in view!
No target in view!
No target in view!
c - 25 stones (gained 1)
You see here a +0 club.
No target in view!
c - 26 stones (gained 1)
c - 27 stones (gained 1)
A ball python comes into view.
You throw a stone.
The stone hits the ball python but does no damage.
The ball python hisses angrily.
A ball python is nearby!
You throw a stone. The stone hits the ball python.
The ball python is severely wounded.
A ball python is nearby!
You throw a stone. The stone hits the ball python.
You kill the ball python!
Your Fighting skill increases to level 4!
Your Stealth skill increases to level 2!
c - 25 stones (gained 1)
A ball python comes into view.
You see here a stone.
Unknown command.
Are you sure you want to abandon this character and quit the game? (Confirm with "yes".)

#.# #... #.# #.#⌠
#.######## #.#. #
#........# #^#. #.
########.# #.#. #.###
##.## #.#⌠
..##..#.#######...###.#.
.......#............)..#
#@#######...###... #.#
##.## #### ..# #.# #
.... #.# # ..... ..# #
##.##.# ### # #. S# # #.
.# ### #######..


You could see a ball python (asleep).

Vanquished Creatures
  A dart slug (D:1)
  4 ball pythons (D:1)
  An endoplasm (D:1)
  A giant cockroach (D:1)
  3 goblins (D:1)
  A hobgoblin (D:1)
  3 kobolds (D:1)
  2 frilled lizards (D:1)
  A rat (D:1)
17 creatures vanquished.

Notes
Turn   | Place    | Note
-------+----------+-------------------------------------------
     0 | D:1      | dolemite99 the Minotaur Monk began the quest for the Orb.
     0 | D:1      | Reached XP level 1. HP: 19/19 MP: 0/0
   256 | D:1      | Reached XP level 2. HP: 22/27 MP: 1/1
   336 | D:1      | Found a faded altar of an unknown god.
   359 | D:1      | Became a worshipper of Xom of Unknown Intention
   378 | D:1      | XOM: silly message
   411 | D:1      | XOM: silly message
   500 | D:1      | Quit the game

Illustrated notes

Levels and vault maps discovered:
D:1:      kennysheep_arrival_seaside, layout_loops_ring,
          hellmonk_ecumenical_altar_run_dry

Skill      XL: |  1  2 |
---------------+-------+-----
Axes           | 4 |  4.0
Fighting       | 4 |  4.0
Stealth        | 2 |  2.0
Dodging        | |  3.5

Action                   || total
-------------------------++-------
Melee: Hand axe          ||    31
       Headbutt          ||     4
Throw: Stone             ||    22
 Stab: Sleeping          ||     2
Armor: Robe              ||     4
Dodge: Dodged            ||    14

Table legend: (Time is in decaauts)
 A = Elapsed time spent in this place.
 B = Non-inter-level travel time spent in this place.
 C = Inter-level travel time spent in this place.
 D = Time resting spent in this place.
 E = Time spent auto-exploring this place.
 F = Levels seen in this place.
 G = Mean time per level.
                   A        B        C        D        E       F      G
               +--------+--------+--------+--------+--------+-----+--------+
         Total |    505 |    505 |      0 |      0 |    371 |   1 |  505.0 |
       Dungeon |    505 |    505 |      0 |      0 |    371 |   1 |  505.0 |
               +--------+--------+--------+--------+--------+-----+--------+

Top non-repeatable levels by time:
     D:1: 505 daAuts
